 Dungeon Sprint DCSS version 0.26-a0-835-g8259106e14 (webtiles) character file.

Game seed: 15971650695844520038

24726 rocky1 the Fighter (level 13, -4/90 HPs)
             Began as a Gargoyle Ice Elementalist on Nov 18, 2020.
             Was a High Priest of Sif Muna.
             Killed from afar by a merfolk aquamancer (26 damage)
             ... with a ball of steam
             ... in the Dungeon (Sprint VII: "The Pits").
             The game lasted 00:43:17 (5490 turns).

rocky1 the Fighter (Gargoyle Ice Elementalist)      Turns: 5490, Time: 00:43:18

Health: -4/90      AC: 21    Str: 13    XL:     13   Next: 15%
Magic:  16/30      EV: 17    Int: 20    God:    Sif Muna [*****.]
Gold:   90         SH:  0    Dex: 10    Spells: 13/38 levels left

rFire    . . .     SeeInvis .   n - +1 mace (protect)
rCold    . . .     Faith    .   (no shield)
rNeg     + . .     Spirit   .   C - +1 leather armour {rPois}
rPois    ∞         Reflect  .   (no helmet)
rElec    +         Harm     .   (no cloak)
rCorr    .         Rampage  .   w - +0 pair of gloves
MR       .....     NoTele   +   (no boots)
Stlth    ++........             (no amulet)
HPRegen  0.25/turn              (no ring)
MPRegen  0.22/turn              (no ring)

@: protection aura
A: negative energy resistance 1, electricity resistance, unbreathing,
petrification resistance, rot immunity, AC +9
a: Channel Magic, Forget Spell, Divine Exegesis, Renounce Religion


You were in the Dungeon.
You worshipped Sif Muna.
Sif Muna was extremely pleased with you.
You visited 1 branch You collected 90 gold pieces.

Inventory:

Hand Weapons
 k - a +2 hand axe of electrocution
 l - a +2 hand axe of freezing
 n - a +1 mace of protection (weapon)
 u - a +2 vorpal war axe
 v - a +2 vorpal dire flail
 y - a +4 scimitar of flaming
Armour
 a - a +0 robe
 w - a +0 pair of gloves (worn)
 x - a +5 ring mail
 C - a +1 leather armour of poison resistance (worn)
Magical Staves
 E - an uncursed staff of earth
Jewellery
 o - a +3 ring of dexterity
 p - a +3 ring of dexterity
 A - an uncursed ring of ice
 B - an uncursed ring of positive energy
Scrolls
 g - 8 scrolls of remove curse
 h - a scroll of fog
 i - 5 scrolls of amnesia
 j - a scroll of summoning
 m - 4 scrolls of blinking
 z - a scroll of identify
Potions
 b - a potion of berserk rage
 c - 5 potions of curing
 d - 5 potions of heal wounds
 e - 4 potions of haste
 f - 5 potions of magic
 q - 4 potions of brilliance
 r - 2 potions of mutation
 s - 3 potions of resistance
 t - 2 potions of might
Miscellaneous
 D - a phial of floods


   Skills:
 - Level 14.0 Fighting
 - Level 13.0 Maces & Flails
 + Level 12.4 Dodging
 - Level 2.1 Stealth
 + Level 13.3 Spellcasting
 + Level 8.0 Conjurations
 + Level 6.8 Fire Magic
 - Level 12.0 Ice Magic
 - Level 8.5 Earth Magic
 + Level 12.8 Invocations


You had 13 spell levels left.
You knew the following spells:

 Your Spells              Type           Power        Failure   Level
a - Freeze                Ice            ####         1%          1
b - Frozen Ramparts       Ice            ######       1%          3
c - Ozocubu's Armour      Ice            ######..     1%          3
d - Hailstorm             Conj/Ice       ######..     1%          4
e - Bolt of Magma         Conj/Fire/Erth #####.....   7%          5
f - Fire Storm            Conj/Fire      #####.....   100%        9

Your spell library contained the following spells:

 Spells                   Type           Power        Failure   Level
 Sandblast                Erth           #####.       1%          1
 Shock                    Conj/Air       ####         1%          1
 Ensorcelled Hibernation  Hex/Ice        #####.       1%          2
 Passwall                 Tmut/Erth      ####....     1%          2
 Conjure Flame            Conj/Fire      #####...     1%          3
 Stone Arrow              Conj/Erth      #####.       1%          3
 Sticky Flame             Conj/Fire      #####...     3%          4
 Inner Flame              Hex/Fire       ####....     4%          3
 Lee's Rapid Deconstruct  Erth           #####.....   4%          5
 Summon Ice Beast         Ice/Summ       #####...     5%          4
 Beastly Appendage        Tmut           ##....       6%          1
 Corona                   Hex            ##.....      6%          1
 Sting                    Tmut/Pois      ##..         6%          1
 Iskenderun's Battlesphe  Conj           #####...     6%          5
 Ozocubu's Refrigeration  Ice            ######....   7%          6
 Fireball                 Conj/Fire      #####.....   9%          5
 Poisonous Vapours        Pois/Air       ##....       10%         2
 Slow                     Hex            ##......     10%         2
 Leda's Liquefaction      Hex/Erth       ####......   11%         4
 Iskenderun's Mystic Bla  Conj/Tloc      ####....     12%         4
 Metabolic Englaciation   Hex/Ice        #####.....   14%         5
 Gell's Gravitas          Tloc           ##........   19%         3
 Spider Form              Tmut/Pois      ##........   19%         3
 Summon Guardian Golem    Hex/Summ       ##......     19%         3
 Vampiric Draining        Necr           ##........   19%         3
 Borgnjor's Vile Clutch   Necr/Erth      ####......   30%         5
 Irradiate                Conj/Tmut      ####......   32%         5
 Lightning Bolt           Conj/Air       ####......   32%         5
 Iron Shot                Conj/Erth      #####.....   32%         6
 Starburst                Conj/Fire      #####.....   41%         6
 Animate Dead             Necr           ##........   52%         4
 Cause Fear               Hex            ##........   52%         4
 Simulacrum               Ice/Necr       #####.....   63%         6
 Agony                    Necr           ##......     86%         5
 Alistair's Intoxication  Tmut/Pois      ##.......    86%         5
 Excruciating Wounds      Necr           ##........   86%         5
 Silence                  Hex/Air        ##........   86%         5
 Summon Forest            Summ/Tloc      ##........   86%         5
 Orb of Destruction       Conj           #####.....   89%         7
 Death Channel            Necr           ##........   100%        6
 Eringya's Noxious Bog    Tmut/Pois      ##........   100%        6
 Hydra Form               Tmut           ##........   100%        6
 Shadow Creatures         Summ           N/A          100%        6
 Dragon Form              Tmut           ##........   100%        7
 Borgnjor's Revivificati  Necr           ##........   100%        8
 Ignition                 Fire           #####.....   100%        8
 Infestation              Necr           ##........   100%        8
 Lehudib's Crystal Spear  Conj/Erth      #####.....   100%        8
 Necromutation            Tmut/Necr      ##........   100%        8
 Absolute Zero            Ice            ######....   100%        9
 Death's Door             Necr           ##........   100%        9
 Shatter                  Erth           #####.....   100%        9
 Statue Form              Tmut/Erth      Unusable     N/A         6

Dungeon Overview and Level Annotations

Branches:
Dungeon (1/1)

Altars:
Ashenzari
Cheibriados
Dithmenos
Elyvilon
Fedhas
Gozag
Hepliaklqana
Kikubaaqudgha
Makhleb
Nemelex Xobeh
Okawaru
Qazlal
Ru
Sif Muna
Trog
Uskayaw
Vehumet
Wu Jian
Xom
Yredelemnul
Zin
The Shining One
Beogh
Jiyva
Lugonu


Innate Abilities, Weirdness & Mutations

You are resistant to torment.
Your stone body is resilient. (AC +9)
You are immune to poison.
You resist negative energy. (rN+)
You are resistant to electric shocks. (rElec)
You can survive without breathing.
You are immune to petrification.
You are immune to rotting.


Message History

The torrent of water misses you.
The wave splashes down.
You see here an elephant corpse.
The merfolk aquamancer gestures at you while chanting.
The shard of ice hits you!!!
Ouch! That really hurt!
* * * LOW HITPOINT WARNING * * *
You barely miss the merfolk aquamancer.
The merfolk aquamancer is almost dead.
The merfolk aquamancer barely misses you.
You hit the merfolk aquamancer.
Your weapon exudes an aura of protection.
The merfolk aquamancer is almost dead.
The merfolk aquamancer hits you but does no damage.
You barely miss the merfolk aquamancer.
The merfolk aquamancer is almost dead.
You hit the merfolk aquamancer but do no damage.
The merfolk aquamancer is almost dead.
The merfolk aquamancer gestures at you while chanting.
The ball of steam hits you!!
You die...

.....''..........#
###..##..#....#..#
#..##..........+ #..##..........+
#..####''####''#
#..####''####''################
#..##......##..................
###..##.#'##.##.m......E........§
.....##.#)†'.##.@##############''
.....## +).#.##..# .E.Y ######
#..+ ##††#


#m.YY ###### +..# #≈≈# #E..E .##..# ##+# #≈≈# ###.. .##..# #≈≈# ... .''..# #..#
... .''..##########..# .##..............# You could see a merfolk aquamancer and
a water elemental.

Vanquished Creatures
  Saint Roka (D)
  A tentacled monstrosity (D)
  An orc warlord (D)
  A minotaur (D)
  Josephine (D)
  A boulder beetle (D)
  Erica (D)
  A death knight (D)
  2 death yaks (D)
  Urug (D)
  An orc high priest (D)
  A bog body (D)
  A deep troll (D)
  A phantasmal warrior (D)
  A manticore (D)
  A cyclops (D)
  2 elephants (D)
  A black mamba (D)
  A molten gargoyle (D)
  2 orange demons (D)
  A smoke demon (D)
  2 yaktaurs (D)
  2 kobold demonologists (D)
  An efreet (D)
  2 komodo dragons (D)
  A demonic crawler (D)
  A guardian mummy (D)
  2 jumping spiders (D)
  5 blink frogs (D)
  A tarantella (D)
  A redback (D)
  3 yaks (D)
  A water elemental (D)
  3 wraiths (D)
  Grum (D)
  A fire bat (D)
  A small abomination (D)
  A soldier ant (D)
  2 floating eyes (D)
  A black bear (D)
  5 orc warriors (D)
  A swamp drake (D)
  A necrophage (D)
  A centaur (D)
  A phantom (D)
  10 wolves (D)
  An earth elemental (D)
  3 hounds (D)
  2 orc priests (D)
  A jelly (D)
  An orc wizard (D)
  A hell rat (D)
  A mummy (D)
  A gnoll (D)
  An adder (D)
  A river rat (D)
  A white imp (D)
  An ufetubus (D)
  An adder skeleton (D)
  A leopard gecko (D)
  6 orcs (D)
  A giant cockroach (D)
  A goblin (D)
  9 jackals (D)
  2 quokkas (D)
  A ball python (D)
  2 bats (D)
  A giant cockroach zombie (D)
  5 kobolds (D)
120 creatures vanquished.

Vanquished Creatures (others)
  2 blocks of ice (D)
  A fire vortex (D)
3 creatures vanquished.

Grand Total: 123 creatures vanquished

Notes
Turn   | Place    | Note
-------+----------+-------------------------------------------
     0 | D        | rocky1 the Gargoyle Ice Elementalist began the quest for
                  | the Orb.
     0 | D        | Reached XP level 1. HP: 10/10 MP: 3/3
    68 | D        | Found a bloodstained altar of Trog.
    68 | D        | Found a shimmering blue altar of Sif Muna.
    68 | D        | Found a viscous altar of Jiyva.
    68 | D        | Found a hazy altar of Hepliaklqana.
    68 | D        | Found an opulent altar of Gozag.
    69 | D        | Found a glowing golden altar of the Shining One.
    69 | D        | Found a glowing silver altar of Zin.
    69 | D        | Found a basalt altar of Yredelemnul.
    69 | D        | Found a shimmering altar of Xom.
    69 | D        | Found an ornate altar of the Wu Jian Council.
    69 | D        | Found a sacrificial altar of Ru.
    69 | D        | Found a stormy altar of Qazlal.
    69 | D        | Found an iron altar of Okawaru.
    69 | D        | Found a sparkling altar of Nemelex Xobeh.
    69 | D        | Found a burning altar of Makhleb.
    69 | D        | Found a blossoming altar of Fedhas.
    69 | D        | Found a white marble altar of Elyvilon.
    69 | D        | Found a shadowy altar of Dithmenos.
    69 | D        | Found a snail-covered altar of Cheibriados.
    72 | D        | Found a corrupted altar of Lugonu.
    72 | D        | Found a radiant altar of Vehumet.
    72 | D        | Found a roughly hewn altar of Beogh.
    73 | D        | Found an ancient bone altar of Kikubaaqudgha.
    73 | D        | Found a hide-covered altar of Uskayaw.
    73 | D        | Found a broken altar of Ashenzari.
    74 | D        | Became a worshipper of Sif Muna the Loreminder
   374 | D        | Reached XP level 2. HP: 11/15 MP: 5/5
   378 | D        | Reached * piety under Sif Muna
   460 | D        | Reached ** piety under Sif Muna
   576 | D        | Reached skill level 5 in Ice Magic
   590 | D        | Reached *** piety under Sif Muna
   591 | D        | Reached XP level 3. HP: 10/19 MP: 1/8
   597 | D        | Learned a level 3 spell: Frozen Ramparts
   601 | D        | Learned a level 3 spell: Ozocubu's Armour
   766 | D        | Reached skill level 2 in Fighting
   766 | D        | Reached skill level 1 in Maces & Flails
   766 | D        | Reached XP level 4. HP: 15/26 MP: 2/10
   767 | D        | Reached **** piety under Sif Muna
   777 | D        | Noticed a fire bat
   782 | D        | Reached skill level 3 in Fighting
   782 | D        | Reached XP level 5. HP: 14/32 MP: 1/12
   815 | D        | Killed a fire bat
   816 | D        | Reached skill level 5 in Fighting
   816 | D        | Reached skill level 5 in Dodging
   816 | D        | Reached skill level 5 in Spellcasting
   816 | D        | Reached XP level 6. HP: 24/40 MP: 3/14
   957 | D        | Learned a level 4 spell: Hailstorm
   962 | D        | Noticed a jumping spider
   969 | D        | Killed a jumping spider
   969 | D        | Reached ***** piety under Sif Muna
   970 | D        | Reached skill level 6 in Fighting
   970 | D        | Reached skill level 5 in Maces & Flails
   970 | D        | Reached XP level 7. HP: 43/47 MP: 9/16
  1020 | D        | Identified Ciabloec's Incunabulum of Hurtful Venom (Sif
                  | Muna gifted it to you in the Dungeon)
  1020 | D        | Received a gift from Sif Muna
  1025 | D        | Reached skill level 7 in Fighting
  1172 | D        | Learned a level 5 spell: Bolt of Magma
  1176 | D        | Noticed Josephine
  1176 | D        | Noticed a wraith
  1176 | D        | Noticed a wraith
  1176 | D        | Noticed a wraith
  1176 | D        | Noticed a small abomination
  1185 | D        | Killed a small abomination
  1186 | D        | Reached XP level 8. HP: 54/54 MP: 11/19
  1200 | D        | Killed a wraith
  1201 | D        | Reached skill level 8 in Fighting
  1201 | D        | Killed a wraith
  1205 | D        | Killed a wraith
  1205 | D        | Identified Sif Muna's Tome of the Oath (Sif Muna gifted it
                  | to you in the Dungeon)
  1205 | D        | Received a gift from Sif Muna
  1234 | D        | Killed Josephine
  1235 | D        | Reached skill level 9 in Fighting
  1235 | D        | Reached skill level 10 in Ice Magic
  1235 | D        | Reached XP level 9. HP: 24/61 MP: 13/22
  1647 | D        | Noticed an orange demon
  1647 | D        | Noticed an efreet
  1656 | D        | Killed an efreet
  1657 | D        | Reached skill level 1 in Conjurations
  1657 | D        | Reached skill level 1 in Fire Magic
  1657 | D        | Reached skill level 1 in Earth Magic
  1659 | D        | Killed an orange demon
  1794 | D        | Noticed a demonic crawler
  1800 | D        | Reached skill level 5 in Invocations
  1809 | D        | Killed a demonic crawler
  1810 | D        | Reached XP level 10. HP: 30/66 MP: 8/23
  2004 | D        | Noticed a cyclops
  2017 | D        | Received a gift from Sif Muna
  2022 | D        | Killed a cyclops
  2077 | D        | Noticed a death knight
  2078 | D        | Noticed Grum
  2085 | D        | Reached skill level 5 in Earth Magic
  2085 | D        | Killed Grum
  2086 | D        | Reached skill level 10 in Fighting
  2097 | D        | Killed a death knight
  2098 | D        | Reached skill level 10 in Spellcasting
  2098 | D        | Reached skill level 5 in Conjurations
  2228 | D        | Noticed an orange demon
  2232 | D        | Identified Sif Muna's Reference Book on Unholy Earth (Sif
                  | Muna gifted it to you in the Dungeon)
  2232 | D        | Received a gift from Sif Muna
  2242 | D        | Killed an orange demon
  2243 | D        | Reached skill level 5 in Fire Magic
  2398 | D        | Noticed a phantasmal warrior
  2402 | D        | Killed a phantasmal warrior
  2472 | D        | Noticed a molten gargoyle
  2479 | D        | Identified Sif Muna's Collected Works on Frigorific
                  | Enchantment (Sif Muna gifted it to you in the Dungeon)
  2479 | D        | Received a gift from Sif Muna
  2480 | D        | Reached XP level 11. HP: 73/73 MP: 19/25
  2574 | D        | Reached skill level 10 in Maces & Flails
  2673 | D        | Noticed a manticore
  2684 | D        | Killed a manticore
  2754 | D        | Noticed a minotaur
  2769 | D        | Killed a minotaur
  2769 | D        | Reached ****** piety under Sif Muna
  2770 | D        | Reached skill level 11 in Fighting
  2773 | D        | Identified Sif Muna's Catalogue of Stolen Souls and Earth
                  | (Sif Muna gifted it to you in the Dungeon)
  2773 | D        | Received a gift from Sif Muna
  2774 | D        | Reached skill level 10 in Dodging
  2788 | D        | Noticed Urug
  2803 | D        | Killed Urug
  2841 | D        | Identified Sif Muna's Papyrus of Necromancy and the
                  | Snowflakes (Sif Muna gifted it to you in the Dungeon)
  2841 | D        | Received a gift from Sif Muna
  2877 | D        | Noticed a sixfirhy
  3051 | D        | Identified Sif Muna's Collected Works on the Mountains and
                  | the Volcanoes (Sif Muna gifted it to you in the Dungeon)
  3051 | D        | Received a gift from Sif Muna
  3052 | D        | Noticed a boulder beetle
  3063 | D        | Reached skill level 12 in Fighting
  3063 | D        | Noticed an orc high priest
  3116 | D        | Noticed a deep troll
  3130 | D        | Killed a deep troll
  3411 | D        | Identified Dyrcho Mahi's Grimoire of Creation and Lightness
                  | (Sif Muna gifted it to you in the Dungeon)
  3411 | D        | Received a gift from Sif Muna
  3583 | D        | Reached skill level 10 in Invocations
  4045 | D        | Noticed a death yak
  4047 | D        | Noticed a death yak
  4261 | D        | Killed an orc high priest
  4262 | D        | Reached XP level 12. HP: 47/82 MP: 5/27
  4283 | D        | Killed a death yak
  4283 | D        | Identified Xiyg's Papyrus of Fiery Toxins (Sif Muna gifted
                  | it to you in the Dungeon)
  4283 | D        | Received a gift from Sif Muna
  4286 | D        | Killed a death yak
  4403 | D        | Killed a boulder beetle
  4404 | D        | Reached skill level 13 in Fighting
  4618 | D        | Noticed Erica
  4637 | D        | Killed Erica
  4655 | D        | Noticed Saint Roka
  4712 | D        | Killed Saint Roka
  4712 | D        | Identified Sif Muna's Reference Book on Arcane Weapons (Sif
                  | Muna gifted it to you in the Dungeon)
  4712 | D        | Received a gift from Sif Muna
  4713 | D        | Reached skill level 14 in Fighting
  5191 | D        | Noticed a tentacled monstrosity
  5191 | D        | Noticed an orc warlord
  5197 | D        | Killed an orc warlord
  5205 | D        | Killed a tentacled monstrosity
  5205 | D        | Identified Sif Muna's Reference Book on Shifting
                  | Dislocation (Sif Muna gifted it to you in the Dungeon)
  5205 | D        | Received a gift from Sif Muna
  5206 | D        | Reached XP level 13. HP: 25/90 MP: 14/30
  5251 | D        | Got the Collected Works on Poison and Ice
  5420 | D        | Learned a level 9 spell: Fire Storm
  5490 | D        | Killed from afar by a merfolk aquamancer

Illustrated notes

Levels and vault maps discovered:
D:        pitsprint [storerooms_1, entrance_room_1, metal_vault_6, armoury_1,
          mini_pit_1, grid_room_1, main_hall_1, silver_pit, the_coven_3,
          the_vestibule_1, steel_vault_5, golden_pit, hallway_of_sentries,
          crystal_vault_1, iron_vault_2, final_vault]

Skill      XL: |  1  2  3  4  5  6  7  8  9 10 11 12 13 |
---------------+----------------------------------------+-----
Dodging        | 2 3 4 5 6 8 9 10 12 | 12.4
Spellcasting   | 3 4 5 6 7 9 10 11 13 | 13.3
Ice Magic      | 5 6 7 8 9 10 11 12 | 12.0
Fighting       | 2 3 5 6 7 9 10 12 14 | 14.0
Maces & Flails | 1 3 4 5 7 8 9 11 13 | 13.0
Conjurations   | 3 5 6 7 8 |  8.0
Fire Magic     | 3 5 6 |  6.8
Earth Magic    | 4 6 7 8 |  8.5
Invocations    | 5 7 10 12 | 12.8
Stealth        | |  2.1

Action                   |  1- 3 |  4- 6 |  7- 9 | 10-12 | 13-15 || total
-------------------------+-------+-------+-------+-------+-------++-------
Melee: Unarmed           |    16 |       |       |       |       ||    16
       Mace              |    29 |     7 |    69 |   191 |    17 ||   313
 Cast: Freeze            |     4 |       |       |       |       ||     4
       Frozen Ramparts   |     1 |     3 |     7 |    30 |     2 ||    43
       Ozocubu's Armour  |     1 |     1 |     5 |    19 |     2 ||    28
       Hailstorm         |       |       |     4 |    41 |     3 ||    48
       Lehudib's Crystal |       |       |       |     2 |       ||     2
       Bolt of Magma     |       |       |       |     2 |       ||     2
       Absolute Zero     |       |       |       |     2 |       ||     2
       Fire Storm        |       |       |       |     1 |       ||     1
Invok: Channel Magic     |       |       |       |     5 |       ||     5
       Divine Exegesis   |       |       |       |     5 |       ||     5
  Use: Potion            |     2 |     1 |     3 |    11 |     1 ||    18
       Scroll            |       |       |       |     2 |     1 ||     3
 Stab: Sleeping          |     1 |     1 |       |     1 |       ||     3
       Invisible         |       |       |       |     2 |       ||     2
Armor: Robe              |    19 |     6 |    41 |    79 |     1 ||   146
       Leather armour    |       |       |       |       |     9 ||     9
Dodge: Dodged            |    56 |     8 |    51 |   160 |    11 ||   286

Table legend: (Time is in decaauts)
 A = Elapsed time spent in this place.
 B = Non-inter-level travel time spent in this place.
 C = Inter-level travel time spent in this place.
 D = Time resting spent in this place.
 E = Time spent auto-exploring this place.
 F = Levels seen in this place.
 G = Mean time per level.
                   A        B        C        D        E       F      G
               +--------+--------+--------+--------+--------+-----+--------+
         Total |   5530 |   5530 |      0 |   3606 |      0 |   1 | 5530.0 |
       Dungeon |   5530 |   5530 |      0 |   3606 |      0 |   1 | 5530.0 |
               +--------+--------+--------+--------+--------+-----+--------+

Top non-repeatable levels by time:
       D: 5530 daAuts
